 Dungeon Crawl Stone Soup version 0.23-a0-402-g64599a1 (webtiles) character file.

415 RonnieColeman the Bolt Thrower (level 6, 0/52 HPs)
             Began as a Centaur Hunter on Nov 3, 2018.
             Slain by a hound (1 damage)
             ... on level 4 of the Dungeon.
             The game lasted 00:09:40 (3031 turns).

RonnieColeman the Bolt Thrower (Centaur Hunter)     Turns: 3031, Time: 00:09:41

Health: 0/52       AC:  5    Str: 14    XL:     6   Next: 60%
Magic:  6/6        EV: 10    Int: 10    God:
Gold:   183        SH:  0    Dex: 12    Spells: 5/5 levels left

rFire    . . .     SeeInvis .   h - +0 spear
rCold    . . .     Gourm    .   (no shield)
rNeg     . . .     Faith    .   c - +0 leather armour
rPois    .         Spirit   .   (no helmet)
rElec    .         Reflect  .   v - +0 cloak
rCorr    .         Harm     .   (no gloves)
MR       .....                  (no barding)
Stlth    +.........             (no amulet)
HPRegen  0.17/turn              (no ring)
MPRegen  0.10/turn              (no ring)

@: very quick
A: large, hooves 3, deformed body, speed 2, tough skin 3
a: no special abilities


You were on level 4 of the Dungeon.
You were not hungry.

You visited 1 branch of the dungeon, and saw 4 of its levels.

You collected 183 gold pieces.

Inventory:

Hand Weapons
 a - a +1 hand crossbow
 b - a +0 short sword
 h - a +0 spear (weapon)
 u - a +3 quarterstaff of chaos
Missiles
 d - 48 bolts
Armour
 c - a +0 leather armour (worn)
 v - a +0 cloak (worn)
Wands
 p - a wand of clouds (7)
 q - a wand of random effects (17)
Scrolls
 g - 2 scrolls of amnesia {unknown}
 i - a scroll of magic mapping {unknown}
 k - 2 scrolls of immolation {unknown}
 l - 2 scrolls of enchant weapon {unknown}
 o - 3 scrolls of identify {unknown}
Potions
 e - a potion of magic {unknown}
 j - a potion of curing {unknown}
 m - a potion of haste {unknown}
 n - a potion of flight {unknown}
 r - a potion of degeneration {unknown}
 s - a potion of brilliance {unknown}
 t - a potion of berserk rage {unknown}
Comestibles
 f - 2 rations


   Skills:
 + Level 3.9 Fighting
 * Level 7.0 Crossbows
 + Level 2.8 Dodging
 - Level 0.4 Stealth


You had 5 spell levels left.
You didn't know any spells.
Your spell library contained the following spells:

 Spells                   Type           Power        Failure   Level  Hunger
 Corona                   Hex            #......      43%         1    ##.....
 Ensorcelled Hibernation  Hex/Ice        #.....       58%         2    ###....
 Confuse                  Hex            #.......     82%         3    ####...
 Dazzling Spray           Conj/Hex       #.....       82%         3    ####...
 Tukima's Dance           Hex            #.......     82%         3    ####...


Dungeon Overview and Level Annotations

Branches:
Dungeon (4/15)
 Temple: D:4-7

Altars:


Innate Abilities, Weirdness & Mutations

You have hooves in place of feet.
Armour fits poorly on your strangely shaped body.
You cover ground very quickly.
You have extremely tough skin. (AC +3)


Message History

The hound barely misses you. x2
You barely miss the hound. Your kick misses the hound.
The hound is severely wounded.
The hound bites you but does no damage. The hound barely misses you.
You closely miss the hound.
The hound is severely wounded.
The hound bites you.
* * * LOW HITPOINT WARNING * * *
The hound barely misses you.
You hit the hound but do no damage.
The hound is severely wounded.
The hound bites you.
* * * LOW HITPOINT WARNING * * *
There is an open door here.
The hound bites you.
* * * LOW HITPOINT WARNING * * *
You hit the hound.
The hound is severely wounded.
The hound bites you.
You die...

#................# #
#................# # #
#................# # #.######
#................# #
#......####..............รท.######
####'#....###'#.....#####........
.....#....#...+.....#...#........
##...#....+...#.....#...#..#....#
#...#....#'###.@.(.#......#....#
##...#.......###h############....
#....+.......#......# #####
##...#.......#......#
##..##.......#####..#
##..########......###
....'......+......
....#......#......
...[##..##.#......


You could see a hound.

Vanquished Creatures
  Sigmund (D:3)
  2 hounds (D:4)
  Crazy Yiuf (D:3)
  A centaur skeleton (D:4)
  An orc wizard (D:3)
  Robin (D:3)
  An adder (D:1)
  An ooze (D:2)
  2 worms (D:3)
  A leopard gecko (D:1)
  12 orcs (D:3)
  A ball python (D:3)
  2 giant cockroaches
  15 goblins
  11 hobgoblins
  4 jackals (D:3)
  5 bats
  2 frilled lizards (D:3)
  4 kobolds
  3 rats
71 creatures vanquished.

Notes
Turn   | Place    | Note
-------+----------+-------------------------------------------
     0 | D:1      | RonnieColeman the Centaur Hunter began the quest for the
                  | Orb.
     0 | D:1      | Reached XP level 1. HP: 17/17 MP: 1/1
   614 | D:2      | Reached XP level 2. HP: 13/24 MP: 2/2
   979 | D:2      | Found a faded altar of an unknown god.
  1189 | D:2      | Reached skill level 5 in Crossbows
  1189 | D:2      | Reached XP level 3. HP: 27/30 MP: 3/3
  1589 | D:3      | Noticed Sigmund
  1677 | D:3      | Noticed Robin
  2022 | D:3      | Reached XP level 4. HP: 17/37 MP: 4/4
  2347 | D:3      | Killed Robin
  2485 | D:3      | Found a runed door.
  2563 | D:3      | Reached XP level 5. HP: 44/45 MP: 5/5
  2603 | D:3      | Killed Sigmund
  2603 | D:3      | Reached skill level 6 in Crossbows
  2603 | D:3      | Reached XP level 6. HP: 46/51 MP: 6/6
  2812 | D:3      | Noticed Crazy Yiuf
  2814 | D:3      | Killed Crazy Yiuf
  3014 | D:4      | Reached skill level 7 in Crossbows
  3030 | D:4      | HP: 1/52 [hound (3)]
  3031 | D:4      | Slain by a hound

Vault maps used:
D:1:      scummos_arrival_hexagon
D:2:      chequers_ecumenical_altar_simple, chequers_serial_rivers_micro_e,
          st_stairs_12
D:3:      first_ration, uniq_sigmund, uniq_robin, uniq_crazy_yiuf_cottage
D:4:      nicolae_overflow_hidden_temple, old_standard_altar,
          kennysheep_little_box, minmay_temple_entry_trees

Skill      XL: |  1  2  3  4  5  6 |
---------------+-------------------+-----
Crossbows      | 5 6 7 |  7.0
Dodging        | 2 |  2.8
Fighting       | 3 |  3.9
Stealth        | |  0.4

Action                   |  1- 3 |  4- 6 || total
-------------------------+-------+-------++-------
Melee: Spear             |    71 |    85 ||   156
       Short sword       |     7 |       ||     7
       Kick              |    14 |    21 ||    35
 Fire: Hand crossbow     |    55 |    46 ||   101
  Eat: Chunk             |     2 |     3 ||     5
Armor: Leather armour    |    37 |    24 ||    61
Dodge: Dodged            |    53 |    45 ||    98

Table legend:
 A = Non-vault XP
 B = Vault XP
 C = Vault XP percentage of total XP
 D = Non-vault monster count
 E = Vault monster count
 F = Vault count percentage of total count
                 A         B        C        D         E       F
            +---------+---------+-------+---------+---------+-------
      Total |     287 |     307 |  51.7 |      55 |      16 |  22.5
            +---------+---------+-------+---------+---------+-------
        D:1 |      25 |       0 |   0.0 |       8 |       0 |   0.0
        D:2 |      24 |       2 |   7.7 |      11 |       1 |   8.3
        D:3 |     112 |     305 |  73.1 |      33 |      15 |  31.2
        D:4 |     126 |       0 |   0.0 |       3 |       0 |   0.0
            +---------+---------+-------+---------+---------+-------
